 Dungeon Crawl Stone Soup version 0.31-a0-986-g5e6e4ef867 (webtiles) character file.

Game seed: 9374894066978440741

130 Dittersdorf the Covered (level 5, -2/63 HPs)
             Began as a Human Fighter on Nov 7, 2023.
             Frozen to death by an endoplasm (5 damage)
             ... on level 4 of the Dungeon.
             The game lasted 00:01:42 (2610 turns).

Dittersdorf the Covered (Human Fighter)             Turns: 2610, Time: 00:01:42

Health: -2/63      AC: 22    Str: 19    XL:     5   Next: 36%
Magic:  5/5        EV:  2    Int:  8    God:
Gold:   69         SH:  4    Dex: 12    Spells: 4/4 levels left

rFire   . . .        a - +0 long sword
rCold   . . .        c - +0 buckler
rNeg    . . .        b - melded +0 scale mail
rPois   +            (helmet currently unavailable)
rElec   .            (cloak currently unavailable)
rCorr   .            (gloves currently unavailable)
SInv    .            (boots currently unavailable)
Will    .....        (no amulet)
Stlth   +            (no ring)
HPRegen 0.30/turn    (no ring)
MPRegen 0.09/turn

%: no passive effects
@: tree-form
A: stationary, stasis, torment immunity, boosted hp
a: no special abilities


You were on level 4 of the Dungeon.
You were a tree.
You visited 1 branch of the dungeon, and saw 4 of its levels.

You collected 69 gold pieces.

Inventory:

Hand Weapons
 a - a +0 long sword (weapon)
Armour
 b - a +0 scale mail (melded)
 c - a +0 buckler (worn)
Scrolls
 e - 4 scrolls of teleportation
 f - a scroll of torment {unknown}
 g - a scroll of fear {unknown}
 h - 2 scrolls of identify
Potions
 d - a potion of might
 i - 2 potions of brilliance {unknown}
 k - 5 potions of curing {unknown}
 l - a potion of attraction {unknown}
 m - a potion of invisibility {unknown}


   Skills:
 + Level 3.8 Fighting
 + Level 3.0 Long Blades
 + Level 3.8 Armour
 + Level 3.8 Shields


You had 4 spell levels left.
You didn't know any spells.
Your spell library contained the following spells:

 Spells                   Type           Power      Damage    Failure   Level
 Poisonous Vapours        Pois/Air       0%         N/A       63%         2
 Mephitic Cloud           Conj/Pois/Air  0%         N/A       85%         3
 Ozocubu's Armour         Ice            0%         N/A       85%         3
 Freezing Cloud           Conj/Ice/Air   0%         6-21      100%        5
 Ozocubu's Refrigeration  Ice            0%         4d7       100%        7


Dungeon Overview and Level Annotations

Branches:
Dungeon (4/15)
 Temple: D:4-7

Altars:

Annotations:
D:2 1 runed translucent door, Crazy Yiuf


Message History

You are no longer poisoned.
The endoplasm quivers.
The adder hisses angrily.
The goblin shouts!
You block the goblin's attack.
You turn into a tree.
Your +0 scale mail melds into your body.
Your roots penetrate the ground.
A giant cockroach comes into view.
The goblin hits you but does no damage.
You closely miss the goblin.
The goblin hits you but does no damage. x2
You hit the goblin.
The goblin is heavily wounded.
The goblin hits you but does no damage.
You closely miss the goblin.
The goblin is heavily wounded.
The adder bites you but does no damage. You block the goblin's attack.
You hit the goblin.
You kill the goblin!
The adder bites you but does no damage.
The endoplasm hits you but does no damage.
The adder bites you but does no damage.
You hit the adder.
The adder is heavily wounded.
The giant cockroach bites you but does no damage.
You block the endoplasm's attack. The adder bites you but does no damage.
The endoplasm hits you but does no damage.
The giant cockroach bites you but does no damage.
The adder bites you but does no damage.
You closely miss the adder.
The adder is heavily wounded.
The adder bites you but does no damage. The giant cockroach bites you.
* * * LOW HITPOINT WARNING * * *
The endoplasm hits you but does no damage.
You barely miss the adder.
The adder is heavily wounded.
The adder barely misses you. The giant cockroach bites you.
* * * LOW HITPOINT WARNING * * *
The endoplasm freezes you.
You are frozen.
You die...

##
...######
........#
........#
......J.#
......S♣#
......B.#
.........
..........
.##........
#...######
#.#. #.#.


You could see an adder, an endoplasm and a giant cockroach.

Vanquished Creatures
  A scorpion (D:4)
  Jessica (D:3)
  An adder (D:3)
  An orc (D:3)
  2 endoplasms
  A giant cockroach (D:2)
  3 goblins
  5 hobgoblins
  2 jackals (D:3)
  3 kobolds
  3 quokkas
  7 ball pythons
  3 bats
  A frilled lizard (D:3)
  2 rats
36 creatures vanquished.

Notes
Turn   | Place    | Note
-------+----------+-------------------------------------------
     0 | D:1      | Dittersdorf the Human Fighter began the quest for the Orb.
     0 | D:1      | Reached XP level 1. HP: 18/18 MP: 1/1
   274 | D:1      | Reached XP level 2. HP: 20/24 MP: 2/2
   310 | D:1      | Found a faded altar of an unknown god.
   969 | D:2      | Found a runed translucent door.
   970 | D:2      | Noticed Crazy Yiuf
  1172 | D:2      | Reached XP level 3. HP: 29/29 MP: 3/3
  1517 | D:3      | Noticed Jessica
  1527 | D:3      | Killed Jessica
  1528 | D:3      | Reached XP level 4. HP: 12/35 MP: 4/4
  2587 | D:4      | Noticed a scorpion
  2597 | D:4      | Killed a scorpion
  2598 | D:4      | Reached XP level 5. HP: 5/42 MP: 5/5
  2601 | D:4      | HP: 2/42 [poisoned by a scorpion]
  2610 | D:4      | HP: 3/63 [giant cockroach (2)]
  2610 | D:4      | Frozen to death by an endoplasm

Illustrated notes

Levels and vault maps discovered:
D:1:      doesnt_arrival_eight_statues, layout_loops_corners,
          shapermc_ecumenical_altar_mp_ritualfount
D:2:      layout_basic, uniq_crazy_yiuf_cottage
D:3:      layout_loops_corners, uniq_jessica
D:4:      layout_basic, nicolae_ossuary_entry_monument,
          gammafunk_ghost_stat_death, interstate_on_off, st_stairs_11

Skill      XL: |  1  2  3  4 |
---------------+-------------+-----
Long Blades    | 3 |  3.0
Fighting       | |  3.8
Armour         | |  3.8
Shields        | |  3.8

Action                     |  1- 3 |  4- 6 || total
---------------------------+-------+-------++-------
  Melee: Long sword        |    59 |    72 ||   131
    Use: Scroll            |       |     3 ||     3
         Potion            |       |     1 ||     1
 Armour: Scale mail        |    50 |    42 ||    92
         Skin              |       |    17 ||    17
  Dodge: Dodged            |    33 |    35 ||    68
  Block: Buckler           |    11 |    16 ||    27

Table legend: (Time is in decaauts)
 A = Elapsed time spent in this place.
 B = Non-inter-level travel time spent in this place.
 C = Inter-level travel time spent in this place.
 D = Time resting spent in this place.
 E = Time spent auto-exploring this place.
 F = Levels seen in this place.
 G = Mean time per level.
                   A        B        C        D        E       F      G
               +--------+--------+--------+--------+--------+-----+--------+
         Total |   2649 |   2515 |    134 |    128 |   2073 |   4 |  662.2 |
       Dungeon |   2649 |   2515 |    134 |    128 |   2073 |   4 |  662.2 |
               +--------+--------+--------+--------+--------+-----+--------+

Top non-repeatable levels by time:
     D:3: 1085 daAuts
     D:1: 932 daAuts
     D:2: 603 daAuts
     D:4: 27 daAuts
